 Dungeon Crawl Stone Soup version 0.28.0-53-g5a82cb258f (webtiles) character file.

Game seed: 11440288725733704901

76 safid the Chopper (level 4, -4/40 HPs)
             Began as a Hill Orc Fighter on July 21, 2022.
             Slain by a gnoll
             ... wielding a +0 spear
              (5 damage)
             ... on level 3 of the Dungeon.
             The game lasted 00:02:20 (1405 turns).

safid the Chopper (Hill Orc Fighter)                Turns: 1405, Time: 00:02:21

Health: -4/40      AC:  7    Str: 20    XL:     4   Next: 32%
Magic:  4/4        EV:  9    Int:  8    God:
Gold:   43         SH:  4    Dex: 10    Spells: 3/3 levels left

rFire   . . .      SeeInvis .   a - +0 war axe
rCold   . . .      Faith    .   c - +0 buckler
rNeg    . . .      Spirit   .   b - +0 scale mail
rPois   .          Reflect  .   (no helmet)
rElec   .          Harm     .   (no cloak)
rCorr   .          Rampage  .   (no gloves)
Will    .....                   (no boots)
Stlth   ..........              (no amulet)
HPRegen 0.13/turn               (no ring)
MPRegen 0.09/turn               (no ring)

@: no status effects
A: no striking features
a: no special abilities


You were on level 3 of the Dungeon.
You visited 1 branch of the dungeon, and saw 3 of its levels.

You collected 43 gold pieces.

Inventory:

Hand Weapons
 a - a +0 war axe (weapon)
Missiles
 j - 6 poisoned darts (quivered)
Armour
 b - a +0 scale mail (worn)
 c - a +0 buckler (worn)
Jewellery
 k - a ring of magical power
Scrolls
 e - a scroll of silence {unknown}
 f - a scroll of teleportation {unknown}
 h - a scroll of magic mapping {unknown}
 i - 2 scrolls of fear {unknown}
 l - 2 scrolls of identify {unknown}
Potions
 d - a potion of might
 g - 2 potions of brilliance {unknown}
 m - a potion of curing {unknown}
 n - a potion of mutation {unknown}


   Skills:
 - Level 4.0 Fighting
 + Level 4.2 Axes
 - Level 4.0 Armour
 - Level 4.0 Shields


You had 3 spell levels left.
You didn't know any spells.
Your spell library contained the following spells:

 Spells                   Type           Power      Damage    Failure   Level
 Ensorcelled Hibernation  Hex/Ice        0%         N/A       94%         2
 Passwall                 Tmut/Erth      0%         N/A       94%         2
 Swiftness                Air            0%         N/A       99%         3


Dungeon Overview and Level Annotations

Branches:
Dungeon (3/15)

Altars:
Ru

Shops:
D:3 (


Message History

You completely miss the orc. You hit the orc wizard. The orc barely misses you.
The orc wizard casts a spell at you.
You are confused.
The orc hits you with a +0 morningstar!
Unknown command.
You slash the dart slug!
You kill the dart slug!
You miss the orc. You hit the orc but do no damage.
The orc hits you but does no damage. The orc hits you with a +0 war axe.
Unknown command.
You bump into the rock wall.
The orc hits you with a +0 morningstar! The orc barely misses you.
Unknown command.
The gnoll closely misses you.
You bump into the rock wall.
The orc barely misses you. The gnoll hits you but does no damage.
The gnoll hits you with a +0 spear.
Unknown command.
You bump into the rock wall.
You feel less confused. The orc hits you with a +0 morningstar!
* * * LOW HITPOINT WARNING * * *
The gnoll completely misses you.
The orc wizard casts a spell.
The orc wizard flickers and vanishes!
The gnoll hits you with a +0 spear.
* * * LOW HITPOINT WARNING * * *
You slash the gnoll!
You kill the gnoll!
You slash the orc!
You kill the orc!
A magic dart appears from out of thin air!
The magic dart hits you.
* * * LOW HITPOINT WARNING * * *
The gnoll hits you but does no damage.
Your Axes skill increases to level 4!
The gnoll hits you but does no damage.
You see here a +0 spear.
You barely miss the gnoll. You slash the orc!
You kill the orc!
The gnoll hits you with a +0 spear.
You die...

...# #..# .#.# #.g.
... #..# ..# #g. ..#
... ..# ..#
###########{.#
..#######......g@))o{#
<.........#<########.#
.####.∩......# # .
##.#####.# . #.# .# .
#.# .# # #.# .# ... ..
..# ##


You could see a gnoll and an orc.

Vanquished Creatures
  An adder (D:2)
  A gnoll (D:3)
  A dart slug (D:3)
  2 orcs (D:3)
  7 ball pythons
  7 endoplasms
  A giant cockroach (D:1)
  5 hobgoblins
  2 jackals (D:1)
  6 kobolds
  A quokka (D:2)
  4 bats
  6 goblins
  5 rats
49 creatures vanquished.

Notes
Turn   | Place    | Note
-------+----------+-------------------------------------------
     0 | D:1      | safid the Hill Orc Fighter began the quest for the Orb.
     0 | D:1      | Reached XP level 1. HP: 19/19 MP: 1/1
    65 | D:1      | Reached XP level 2. HP: 21/27 MP: 2/2
   372 | D:1      | Reached XP level 3. HP: 28/33 MP: 3/3
   864 | D:2      | Found a faded altar of an unknown god.
   945 | D:2      | Prayed at the altar of an unknown god.
   945 | D:2      | Became a worshipper of Ru the Awakened
   946 | D:2      | Fell from the grace of Ru
  1129 | D:2      | Reached XP level 4. HP: 40/40 MP: 4/4
  1362 | D:3      | Found Hedesor's Weapon Emporium.
  1403 | D:3      | HP: 1/40 [something/magic dart (6)]
  1405 | D:3      | Slain by a gnoll

Illustrated notes

Levels and vault maps discovered:
D:1:      heliophobic_arrival_henge, layout_rooms, minmay_bisected
D:2:      layout_loops_ring, hellmonk_ecumenical_altar_pennies_from_heaven
D:3:      layout_loops_ring, grunt_temple_overflow_order_and_chaos_1,
          lemuel_coloured_pillars_altar, nicolae_qazlal_eye_of_the_storm,
          portal_sewer_entry_b, serial_shops, nicolae_diamond_shop, shop,
          nicolae_shop_stone

Skill      XL: |  1  2  3  4 |
---------------+-------------+-----
Axes           | 3 4 |  4.2
Fighting       | 4 |  4.0
Armour         | 4 |  4.0
Shields        | 4 |  4.0

Action                   |  1- 3 |  4- 6 || total
-------------------------+-------+-------++-------
Melee: War axe           |    90 |    13 ||   103
Invok: Renounce Religion |     1 |       ||     1
Armor: Scale mail        |    36 |    10 ||    46
Dodge: Dodged            |    47 |     6 ||    53
Block: Buckler           |    23 |     3 ||    26
